 Dungeon Crawl Stone Soup version 0.28-a0-1555-g9ae15a6949 (webtiles) character file.

Game seed: 8034093724281202189

2621 issech the Cudgeller (level 9, -7/76 HPs)
             Began as a Troll Fighter on Jan 19, 2022.
             Was a Follower of Hepliaklqana.
             Killed by divine providence
             ... invoked by an orc priest
              (14 damage)
             ... on level 6 of the Dungeon.
             The game lasted 00:31:00 (4526 turns).

issech the Cudgeller (Troll Fighter)                Turns: 4526, Time: 00:31:01

Health: -7/76      AC:  6    Str: 26    XL:     9   Next: 34%
Magic:  8/8        EV: 10    Int:  4    God:    Hepliaklqana [*.....]
Gold:   208        SH: 10    Dex: 13    Spells: 8/8 levels left

rFire   . . .      SeeInvis .   f - +4 club (elec)
rCold   + . .      Faith    .   c - +1 kite shield
rNeg    . . .      Spirit   .   i - +2 robe {rC+}
rPois   .          Reflect  .   (helmet restricted)
rElec   .          Harm     .   (no cloak)
rCorr   .          Rampage  .   (gloves unavailable)
Will    .....                   (boots unavailable)
Stlth   ++........              (no amulet)
HPRegen 1.02/turn               (no ring)
MPRegen 0.11/turn               (no ring)

@: about to teleport, hasted, very quick
A: reduced essence, large, unfitting armour, claws 3, regeneration 1, shaggy fur
1, tough skin 1
a: Renounce Religion, Recall Ancestor, Ancestor Identity


You were on level 6 of the Dungeon.
You worshipped Hepliaklqana.
Hepliaklqana was aware of your devotion.
You visited 2 branches of the dungeon, and saw 7 of its levels.

You collected 208 gold pieces.

Inventory:

Hand Weapons
 b - a +0 giant spiked club
 f - a +4 club of electrocution (weapon)
 r - a +0 hunting sling
 t - a +2 dagger of protection
 A - a +0 giant club
 E - a +0 whip of freezing
 G - a +0 dagger of venom
 H - a +2 flail of freezing
 I - a +2 falchion
Missiles
 e - 95 arrows
 g - 149 stones
 j - 6 large rocks (quivered)
 q - 57 bolts
Armour
 c - a +1 kite shield (worn)
 i - a +2 robe of cold resistance (worn)
 w - the +0 pair of gloves of Shielding {-Cast rF++ rC+ Regen+}
   (You found it on level 5 of the Dungeon)

   rF:        It greatly protects you from fire.
   rC:        It protects you from cold.
   -Cast:     It prevents spellcasting.
   Regen:     It increases your rate of health regeneration.
Magical Staves
 a - a staff of fire
 m - a staff of air
Wands
 u - a wand of polymorph (6)
 x - a wand of paralysis (1)
 D - a wand of flame (17)
Scrolls
 k - a scroll of identify
 l - a scroll of teleportation
 n - 2 scrolls of magic mapping
 p - a scroll of immolation
 y - 2 scrolls of enchant armour
 B - a scroll of fog
 F - a scroll of vulnerability
Potions
 d - a potion of might
 h - a potion of lignification {unknown}
 o - a potion of haste
 s - a potion of attraction {unknown}
 v - a potion of flight
 z - 2 potions of resistance
 C - a potion of curing {unknown}
 J - a potion of degeneration {unknown}


   Skills:
 + Level 4.6 Fighting
 + Level 6.4 Maces & Flails
 + Level 1.6 Throwing
 + Level 5.6 Dodging
 + Level 2.6 Stealth
 + Level 5.1 Shields
 + Level 1.2 Unarmed Combat


You had 8 spell levels left.
You didn't know any spells.
Your spell library contained the following spells:

 Spells                   Type           Power      Damage    Failure   Level
 Summon Small Mammal      Summ           0%         N/A       77%         1
 Call Canine Familiar     Summ           0%         N/A       98%         3
 Summon Guardian Golem    Hex/Summ       0%         N/A       98%         3


Dungeon Overview and Level Annotations

Branches:
Dungeon (6/15)             Temple (1/1) D:5

Altars:
Cheibriados
Elyvilon
Hepliaklqana
Kikubaaqudgha
Makhleb
Nemelex Xobeh
Ru
Sif Muna
Trog
Uskayaw
Vehumet
Xom
Yredelemnul
The Shining One

Shops:
D:2 (


Innate Abilities, Weirdness & Mutations

Your life essence is reduced to manifest your ancestor. (-10% HP)
You are too large for most types of armour.
You have claws for hands.
Your natural rate of healing is unusually fast.
You are covered in fur. (AC +1)
You have tough skin. (AC +1)


Message History

The orc warrior hits you with a +0 hand axe.
You closely miss the orc priest.
The orc priest is heavily wounded.
The orc priest closely misses you.
The orc warrior hits you with a +0 hand axe.
You closely miss the orc priest.
The orc priest is heavily wounded.
The orc priest mumbles some strange prayers to Beogh against you.
Beogh smites you!
* * * LOW HITPOINT WARNING * * *
You block the orc warrior's attack.
You hit the orc warrior but do no damage.
The orc warrior is almost dead.
The orc priest begins to cast a cantrip, but forgets the words!
The orc warrior hits you with a +0 hand axe!
* * * LOW HITPOINT WARNING * * *
You closely miss the orc warrior.
The orc warrior is almost dead.
The orc priest hits you but does no damage.
The orc warrior hits you with a +0 hand axe!
* * * LOW HITPOINT WARNING * * *
You hit the orc warrior.
The orc warrior is almost dead.
The orc priest closely misses you. The orc warrior barely misses you.
You hit the orc warrior.
Lightning courses through the orc warrior!
You kill the orc warrior!
The orc priest hits you with a +0 club.
* * * LOW HITPOINT WARNING * * *
The orc misses you. You block the orc priest's attack.
You feel yourself speed up. You block the orc's attack.
The orc priest hits you but does no damage.
As you read the scroll of teleportation, it crumbles to dust.
You feel strangely unstable.
You barely miss the orc priest.
The orc priest is heavily wounded.
The orc barely misses you.
The orc priest invokes the aid of Beogh against you.
Beogh smites you!
You die...

......#...........#.............#
.#....#...........#.............#
..............................#
..........##+##...............#
...o..........................#
.........###.#................#
.........'.#.#.....<..........#
.........#.....###............#
.......o.###.#oo@o............#
###...........o###............#
##########.#.# #....<.......#
#.#.# #............# #.#.#
#............# #.#.#
#............# #.#.#
#####+#+###### #.#.# #.#.#


You could see an orc priest and 3 orcs.

Vanquished Creatures
  Pikel (D:4)
  An orc warrior (D:6)
  A sky beast (D:5)
  2 ogres
  6 necrophages
  A phantom (D:4)
  2 lemures (D:4)
  2 scorpions (D:5)
  A water moccasin zombie (D:4)
  A water moccasin skeleton (D:4)
  2 wights (D:4)
  A bullfrog zombie (D:4)
  A centaur zombie (D:4)
  3 hounds
  A jelly (D:6)
  An orc priest (D:4)
  Jessica (D:2)
  A human zombie (D:4)
  Ijyb (D:3)
  Natasha (thrice) (D:2)
  An iguana (D:5)
  3 orc wizards
  A scorpion zombie (D:4)
  A hound skeleton (D:4)
  Robin (D:2)
  A howler monkey skeleton (D:5)
  2 adders (D:4)
  2 white imps (D:5)
  An ufetubus (D:4)
  An adder zombie (D:4)
  2 worms (D:3)
  A dart slug (D:5)
  6 orcs
  4 ball pythons
  4 bats
  7 endoplasms
  3 giant cockroaches
  14 goblins
  9 hobgoblins
  2 jackals (D:2)
  2 quokkas
  3 frilled lizards (D:1)
  5 kobolds
  4 rats
113 creatures vanquished.

Vanquished Creatures (collateral kills)
  A water moccasin (D:5)
  An ice beast (D:6)
  A water moccasin skeleton (D:6)
  A bullfrog skeleton (D:6)
  An ufetubus (D:6)
  An orc (D:6)
6 creatures vanquished.

Vanquished Creatures (others)
  2 ancestors (D:6)
  An orc (D:4)
3 creatures vanquished.

Grand Total: 122 creatures vanquished

Notes
Turn   | Place    | Note
-------+----------+-------------------------------------------
     0 | D:1      | issech the Troll Fighter began the quest for the Orb.
     0 | D:1      | Reached XP level 1. HP: 22/22 MP: 0/0
   237 | D:1      | Found a faded altar of an unknown god.
   281 | D:1      | Reached XP level 2. HP: 23/29 MP: 1/1
   422 | D:1      | Reached skill level 2 in Maces & Flails
   727 | D:2      | Noticed Jessica
   744 | D:2      | Killed Jessica
   745 | D:2      | Reached XP level 3. HP: 17/36 MP: 2/2
  1039 | D:2      | Noticed Natasha
  1043 | D:2      | Killed Natasha
  1044 | D:2      | Reached XP level 4. HP: 37/44 MP: 3/3
  1063 | D:2      | Found Usil's Antique Weapon Boutique.
  1281 | D:2      | Noticed Robin
  1287 | D:2      | Reached skill level 3 in Maces & Flails
  1301 | D:2      | Killed Robin
  1453 | D:2      | Noticed Natasha
  1459 | D:2      | Killed Natasha
  1464 | D:2      | Noticed Natasha
  1492 | D:2      | Killed Natasha
  1493 | D:2      | Reached XP level 5. HP: 34/52 MP: 4/4
  1777 | D:3      | Noticed Ijyb
  1791 | D:3      | Paralysed by Ijyb for 4 turns
  1800 | D:3      | Killed Ijyb
  1927 | D:3      | Noticed an ogre
  1946 | D:3      | Killed an ogre
  1947 | D:3      | Reached XP level 6. HP: 33/61 MP: 5/5
  2085 | D:3      | Reached skill level 4 in Maces & Flails
  2337 | D:4      | Noticed Pikel
  2389 | D:4      | Killed Pikel
  2390 | D:4      | Reached skill level 1 in Throwing
  2390 | D:4      | Reached skill level 1 in Unarmed Combat
  2390 | D:4      | Reached XP level 7. HP: 33/67 MP: 6/6
  2653 | D:4      | Reached skill level 1 in Stealth
  2656 | D:4      | Reached XP level 8. HP: 71/78 MP: 7/7
  2731 | D:4      | Reached skill level 5 in Maces & Flails
  2939 | D:4      | Found an ancient bone altar of Kikubaaqudgha.
  2959 | D:4      | Reached skill level 5 in Dodging
  3177 | D:5      | Entered Level 5 of the Dungeon
  3304 | D:5      | Found a staircase to the Ecumenical Temple.
  3327 | Temple   | Entered the Ecumenical Temple
  3492 | Temple   | Became a worshipper of Hepliaklqana the Forgotten
  3743 | D:5      | Reached XP level 9. HP: 84/84 MP: 8/8
  3758 | D:5      | Reached skill level 6 in Maces & Flails
  3858 | D:5      | Identified the +0 pair of gloves of Shielding {-Cast rF++
                  | rC+ Regen+}
  3948 | D:5      | Reached * piety under Hepliaklqana
  4349 | D:6      | Reached skill level 5 in Shields
  4521 | D:6      | HP: 3/76 [orc warrior (8)]
  4526 | D:6      | Killed from afar by an orc priest

Illustrated notes

Levels and vault maps discovered:
D:1:      dpeg_arrival_rooms_a, layout_basic, chequers_ecumenical_altar_island
D:2:      layout_loops_corners, serial_shops, shop, uniq_natasha, uniq_jessica,
          uniq_robin
D:3:      layout_basic, uniq_ijyb
D:4:      layout_cave_pools, lemuel_mausoleum_altar_kikubaaqudgha,
          serial_column_ruins, column_ruins_columns_corner, column_ruins_grid_1,
          column_ruins_open_small, column_ruins_open_medium,
          column_ruins_columns_corner, column_ruins_columns_corner,
          column_ruins_open_large, lemuel_old_faithful, uniq_pikel
D:5:      layout_gridville, minmay_temple_entry_waves, mrwooster_statue_mirror,
          minivault_23
D:6:      layout_basic, water_boxes_lemuel
Temple:   dshaligram_water_room_temple

Skill      XL: |  1  2  3  4  5  6  7  8  9 |
---------------+----------------------------+-----
Maces & Flails | 2 3 4 5 6 |  6.4
Dodging        | 3 4 5 |  5.6
Shields        | 3 4 5 |  5.1
Fighting       | 3 4 |  4.6
Throwing       | 1 |  1.6
Unarmed Combat | 1 |  1.2
Stealth        | 1 2 |  2.6

Action                   |  1- 3 |  4- 6 |  7- 9 || total
-------------------------+-------+-------+-------++-------
Melee: Flail             |    76 |       |       ||    76
       Club              |     6 |    88 |   175 ||   269
       Unarmed           |       |    18 |       ||    18
Throw: Large rock        |     4 |     6 |     3 ||    13
  Use: Scroll            |     5 |       |     8 ||    13
       Potion            |       |       |     1 ||     1
 Stab: Distracted        |       |     2 |     3 ||     5
       Sleeping          |       |       |     3 ||     3
Armor: Robe              |    53 |    51 |    54 ||   158
Dodge: Dodged            |    35 |    57 |    68 ||   160
Block: Kite shield       |    47 |    49 |    67 ||   163

Table legend: (Time is in decaauts)
 A = Elapsed time spent in this place.
 B = Non-inter-level travel time spent in this place.
 C = Inter-level travel time spent in this place.
 D = Time resting spent in this place.
 E = Time spent auto-exploring this place.
 F = Levels seen in this place.
 G = Mean time per level.
                   A        B        C        D        E       F      G
               +--------+--------+--------+--------+--------+-----+--------+
         Total |   4633 |   4535 |     98 |      0 |   1795 |   7 |  661.9 |
       Dungeon |   4447 |   4349 |     98 |      0 |   1695 |   6 |  741.2 |
        Temple |    185 |    185 |      0 |      0 |    100 |   1 |  185.0 |
               +--------+--------+--------+--------+--------+-----+--------+

Top non-repeatable levels by time:
     D:2: 1099 daAuts
     D:4: 996 daAuts
     D:5: 989 daAuts
     D:1: 729 daAuts
     D:3: 446 daAuts
  Temple: 185 daAuts
     D:6: 185 daAuts
